 Dungeon Crawl Stone Soup version 0.31-a0-188-g5e087ee2ca (webtiles) character file.

Game seed: 2689212161574162825

1381 qw the Skirmisher (level 8, -6/46 HPs)
             Began as a Deep Elf Hunter on June 22, 2023.
             Was a Follower of Okawaru.
             Mangled by a vampire (11 damage)
             ... on level 6 of the Dungeon.
             The game lasted 00:02:17 (6110 turns).

qw the Skirmisher (Deep Elf Hunter)                 Turns: 6110, Time: 00:02:17

Health: -6/46      AC:  7    Str: 10    XL:     8   Next: 39%
Magic:  12/12      EV: 12    Int: 15    God:    Okawaru [*.....]
Gold:   322        SH:  0    Dex: 18    Spells: 7/7 levels left

rFire   . . .        Y - +1 shortbow (freeze)
rCold   . . .        (shield currently unavailable)
rNeg    . . .        f - +0 ring mail
rPois   .            b - +1 helmet
rElec   .            (no cloak)
rCorr   .            (no gloves)
SInv    .            (no boots)
Will    +....        (no amulet)
Stlth   +            a - ring of willpower
HPRegen 0.27/turn    (no ring)
MPRegen 0.13/turn

%: no passive effects
@: no status effects
A: no striking features
a: Renounce Religion, Heroism


You were on level 6 of the Dungeon.
You worshipped Okawaru.
Okawaru was aware of your devotion.
You visited 2 branches of the dungeon, and saw 7 of its levels.

You collected 322 gold pieces.


   Skills:
 - Level 3.1 Fighting
 + Level 12.3 Ranged Weapons
 - Level 1.0 Armour
 - Level 4.1 Dodging
 - Level 1.2 Stealth
 + Level 3.1 Invocations


You had 7 spell levels left.
You didn't know any spells.
Your spell library was empty.

Inventory:

Hand Weapons
 Y - a +1 shortbow of freezing (weapon)
Armour
 b - a +1 helmet (worn)
 f - a +0 ring mail (worn)
Jewellery
 a - a ring of willpower (left hand)
 e - a ring of positive energy
Scrolls
 j - a scroll of identify
Potions
 c - a potion of curing
 d - a potion of cancellation
 g - 2 potions of enlightenment
 h - a potion of heal wounds
 i - a potion of might {unknown}
 k - a potion of resistance {unknown}
 m - a potion of lignification {unknown}

Dungeon Overview and Level Annotations

Branches:
Dungeon (6/15)             Temple (1/1) D:4

Altars:
Ashenzari
Cheibriados
Dithmenos
Elyvilon
Fedhas
Gozag
Hepliaklqana
Kikubaaqudgha
Makhleb
Nemelex Xobeh
Okawaru
Qazlal
Ru
Sif Muna
Trog
Uskayaw
Vehumet
Wu Jian
Xom
Yredelemnul
Zin
The Shining One

Annotations:
D:3 1 runed translucent door, qw's ghost, amateur NaHu


Message History

The adder barely misses you.
You shoot an arrow. The arrow closely misses the adder.
The adder bites you.
You shoot an arrow. The arrow barely misses the adder.
The adder closely misses you.
You shoot an arrow. The arrow closely misses the adder.
The adder completely misses you. The adder barely misses you.
You shoot an arrow. The arrow hits the adder.
The arrow freezes the adder.
The adder is heavily wounded.
The adder barely misses you.
You shoot an arrow. The arrow hits the adder!
The arrow freezes the adder.
You kill the adder!
Okawaru accepts your kill.
You shoot an arrow. Something hits you but does no damage. Something bites you.
Something draws strength from your injuries!
You shoot an arrow. You shoot an arrow. Something hits you but does no damage.
Something barely misses you.
You shoot an arrow. Something hits you but does no damage. Something bites you.
Something draws strength from your injuries!
You shoot an arrow. Something hits you. Something bites you!
Something draws strength from your injuries!
You shoot an arrow. Something hits you. Something bites you but does no damage.
You shoot an arrow. Something hits you but does no damage. Something bites you.
Something draws strength from your injuries!
You shoot an arrow. Something hits you! Something bites you but does no damage.
You shoot an arrow. Something hits you but does no damage.
Something bites you but does no damage.
You shoot an arrow. Something hits you but does no damage. Something bites you.
Something draws strength from your injuries!
You shoot an arrow. Something hits you!
You die...

####. ##### #. .
##...... ## ..
.........##### # ... #..
.........### #..
#.+########'..## #...
###.#.......%#....
.#.?..#...#.+####'.#.#.#
......%@#.#.#....#.#.#.#
.......##.#.#.##.#.#...#
....... #.#.#.##.#.#.#.#
....... #.#.#....#.#...#
......) #.#.+####'.#.###
....... #.#........#.#
....... #.'########'.#
....... #............#
#####.########


There were no monsters in sight!

Vanquished Creatures
  A water moccasin (D:5)
  An orc warrior (D:6)
  A sky beast (D:6)
  An ogre (D:6)
  2 centaurs
  3 phantoms
  3 jellies
  A hound (D:4)
  An orc priest (D:4)
  3 sleepcaps
  7 iguanas
  An orc wizard (D:4)
  7 adders
  A river rat (D:4)
  A white imp (D:6)
  5 worms
  A dart slug (D:3)
  12 orcs
  4 ball pythons
  3 bats
  8 endoplasms
  5 giant cockroaches
  10 goblins
  12 hobgoblins
  6 kobolds
  4 quokkas
  7 rats
111 creatures vanquished.

Notes
Turn   | Place    | Note
-------+----------+-------------------------------------------
     0 | D:1      | qw the Deep Elf Hunter began the quest for the Orb.
     0 | D:1      | Reached XP level 1. HP: 12/12 MP: 3/3
     0 | D:1      | 0 ||| qw: Version: 0.3-a-9-g12657ce
     0 | D:1      | 0 ||| qw: Game counter: 2811
     0 | D:1      | 0 ||| qw: Always use a shield: true
     0 | D:1      | 0 ||| qw: God list: Okawaru
     0 | D:1      | 0 ||| qw: Allow faded altars: false
     0 | D:1      | 0 ||| qw: Do Orc after D:15 true
     0 | D:1      | 0 ||| qw: Do second Lair branch before Depths: true
     0 | D:1      | 0 ||| qw: Lair rune preference: random
     0 | D:1      | 0 ||| qw: Plans: Normal
     0 | D:1      | 0 ||| PLANNING D:1-11
   129 | D:1      | Reached skill level 6 in Ranged Weapons
   129 | D:1      | Reached XP level 2. HP: 16/16 MP: 4/4
   638 | D:1      | 638 ||| UPGRADING to +0 ring mail.
   648 | D:1      | 648 ||| DROPPING +0 leather armour.
   649 | D:1      | 649 ||| READING scroll labelled JACASY MEAW.
   650 | D:1      | 650 ||| DROPPING scroll of butterflies.
   688 | D:2      | Reached XP level 3. HP: 20/20 MP: 5/5
   819 | D:2      | Reached skill level 7 in Ranged Weapons
   901 | D:2      | Found a broken altar of Ashenzari.
  1244 | D:2      | 1244 ||| UPGRADING to +1 helmet.
  1249 | D:2      | 1249 ||| READING 2 scrolls labelled HEITUBL DIUVE.
  1250 | D:2      | 1250 ||| DROPPING scroll of revelation.
  1270 | D:3      | Found a runed translucent door.
  1270 | D:3      | Noticed a bullfrog
  1292 | D:3      | Noticed qw's ghost (amateur NaHu)
  1446 | D:3      | Reached XP level 4. HP: 12/25 MP: 6/6
  1955 | D:3      | Reached skill level 8 in Ranged Weapons
  2111 | D:3      | 2111 ||| READING scroll labelled CONIRESMIU.
  2112 | D:3      | 2112 ||| READING 3 scrolls labelled UXEUMU UTREG.
  2147 | D:3      | 2147 ||| READING scroll labelled BYODGHA CUETRO.
  2148 | D:3      | 2148 ||| READING scroll labelled XACRIF IZXO.
  2149 | D:3      | 2149 ||| DRINKING 2 ruby potions.
  2150 | D:3      | 2150 ||| DROPPING potion of brilliance.
  2168 | D:4      | 2168 ||| PLANNING SEWER
  2172 | D:4      | 2172 ||| STAIRDANCE
  2240 | D:4      | Reached XP level 5. HP: 28/29 MP: 7/7
  2353 | D:4      | Found a staircase to the Ecumenical Temple.
  2363 | D:4      | Noticed a phantom
  2371 | D:4      | 2371 ||| Stepping ~*~*~tactically~*~*~ (outnumbered).
  2375 | D:4      | Noticed a phantom
  2382 | D:4      | Killed a phantom
  2383 | D:4      | Reached skill level 9 in Ranged Weapons
  2383 | D:4      | 2383 ||| FLEEEEING.
  2384 | D:4      | 2384 ||| FLEEEEING.
  2385 | D:4      | 2385 ||| FLEEEEING.
  2386 | D:4      | 2386 ||| FLEEEEING.
  2395 | D:4      | HP: 5/29 [iguana (7)]
  2396 | D:4      | 2396 ||| READING 3 scrolls of teleportation.
  2397 | D:4      | HP: 2/29 [phantom (1)]
  2573 | D:4      | HP: 4/30 [orc wizard/magic dart (6)]
  2574 | D:4      | 2574 ||| READING 2 scrolls of teleportation.
  2576 | D:4      | Reached XP level 6. HP: 5/35 MP: 8/8
  2578 | D:4      | 2578 ||| FLEEEEING.
  2580 | D:4      | 2580 ||| READING scroll of teleportation.
  2825 | D:4      | Reached skill level 10 in Ranged Weapons
  2839 | D:4      | Reached skill level 3 in Dodging
  2855 | D:4      | 2855 ||| RIP SEWER
  2936 | D:4      | 2936 ||| PLANNING TEMPLE
  2936 | D:4      | 2936 ||| DROPPING +1 helmet.
  2937 | D:4      | 2937 ||| UPGRADING to ring of willpower.
  2938 | D:4      | 2938 ||| READING scroll labelled GUUPLEDOMO.
  2939 | D:4      | 2939 ||| READING 3 scrolls of identify.
  2939 | D:4      | 2939 ||| IDENTIFYING golden potion
  2940 | D:4      | 2940 ||| READING 2 scrolls of identify.
  2940 | D:4      | 2940 ||| IDENTIFYING glowing green potion
  2955 | Temple   | Entered the Ecumenical Temple
  3017 | Temple   | 3017 ||| PLANNING OKAWARU WORSHIP
  4180 | Temple   | Became a worshipper of Warmaster Okawaru
  4181 | Temple   | 4181 ||| PLANNING D:1-11
  4264 | D:4      | Reached skill level 1 in Armour
  4466 | D:4      | Reached XP level 7. HP: 30/40 MP: 9/9
  4613 | D:4      | 4613 ||| READING scroll labelled KIGO POCVORPH.
  4620 | D:5      | Entered Level 5 of the Dungeon
  4752 | D:5      | Reached skill level 11 in Ranged Weapons
  5114 | D:5      | Found an ornate altar of the Wu Jian Council.
  5210 | D:5      | Reached * piety under Okawaru
  5456 | D:5      | 5456 ||| READING scroll labelled ITEYDU REOX.
  5457 | D:5      | 5457 ||| READING scroll labelled HUCLEA EDUESUE.
  5527 | D:5      | 5527 ||| DRINKING 2 fuming dark potions.
  5528 | D:5      | 5528 ||| DRINKING 3 sedimented cyan potions.
  5529 | D:5      | 5529 ||| READING 2 scrolls of identify.
  5529 | D:5      | 5529 ||| IDENTIFYING lumpy inky potion
  5530 | D:5      | 5530 ||| DROPPING potion of attraction.
  5594 | D:6      | 5594 ||| INVOKING Heroism.
  5604 | D:6      | Reached skill level 12 in Ranged Weapons
  5732 | D:6      | 5732 ||| INVOKING Heroism.
  5734 | D:6      | Reached XP level 8. HP: 29/45 MP: 7/10
  5818 | D:6      | Reached skill level 3 in Fighting
  5818 | D:6      | Reached skill level 1 in Invocations
  5881 | D:6      | 5881 ||| FLEEEEING.
  5935 | D:6      | 5935 ||| INVOKING Heroism.
  6008 | D:6      | 6008 ||| INVOKING Heroism.
  6019 | D:6      | Reached skill level 3 in Invocations
  6107 | D:6      | HP: 6/46 [something (11)]
  6110 | D:6      | Mangled by a vampire

Levels and vault maps discovered:
D:1:      wheals_arrival_shading, layout_loops_ring,
          hangedman_decor_peaks_small, minivault_14
D:2:      layout_basic, basic_altar
D:3:      layout_basic, ebering_ghost_sewer_d
D:4:      minmay_angry_zag, layout_rooms, minmay_temple_entry_tees,
          gup_sewer_entry_spiral, minmay_goblin_kobold_house
D:5:      layout_cave_pods, nzn_wu_jian_council_hall
D:6:      layout_basic, minivault_11
Temple:   compressed_dpeg_triangle_lava_temple

Skill      XL: |  1  2  3  4  5  6  7  8 |
---------------+-------------------------+-----
Ranged Weapons | 6 7 8 9 10 12 | 12.3
Fighting       | 2 3 |  3.1
Dodging        | 3 4 |  4.1
Armour         | 1 |  1.0
Invocations    | 3 |  3.1
Stealth        | |  1.2

Action                     |  1- 3 |  4- 6 |  7- 9 || total
---------------------------+-------+-------+-------++-------
   Fire: Shortbow          |   105 |   197 |   137 ||   439
 Invoke: Heroism           |       |       |     4 ||     4
    Use: Scroll            |     2 |    10 |     4 ||    16
         Potion            |       |     1 |     2 ||     3
 Armour: Leather armour    |     9 |       |       ||     9
         Ring mail         |     7 |    56 |    15 ||    78
  Dodge: Dodged            |    22 |    75 |    18 ||   115

Table legend:
 A = Non-vault XP
 B = Vault XP
 C = Vault XP percentage of total XP
 D = Non-vault monster count
 E = Vault monster count
 F = Vault count percentage of total count
                 A         B        C        D         E       F
            +---------+---------+-------+---------+---------+-------
      Total |    1877 |      96 |   4.9 |      93 |      18 |  16.2
            +---------+---------+-------+---------+---------+-------
        D:1 |      40 |       0 |   0.0 |      21 |       0 |   0.0
        D:2 |      33 |       0 |   0.0 |      14 |       0 |   0.0
        D:3 |     122 |       0 |   0.0 |      16 |       0 |   0.0
        D:4 |     468 |      96 |  17.0 |      18 |      18 |  50.0
        D:5 |     464 |       0 |   0.0 |      12 |       0 |   0.0
        D:6 |     750 |       0 |   0.0 |      12 |       0 |   0.0
            +---------+---------+-------+---------+---------+-------
